 Dungeon Crawl Stone Soup version 0.32-a0-572-g3e1049bc92 (webtiles) character file.

Game seed: 1989566269658944011

85058 Majang the Covert (level 15, -6/82 HPs)
             Began as a Spriggan Shapeshifter on Feb 29, 2024.
             Was the Champion of Cheibriados.
             Mangled by an ogre mage
             ... wielding a +0 club
              (12 damage)
             ... while paralysed by an ogre mage
             ... on level 2 of the Orcish Mines on Mar 1, 2024.
             The game lasted 03:01:21 (21539 turns).

Majang the Covert (Spriggan Shapeshifter)          Turns: 21539, Time: 03:01:21

Health: -6/82      AC:  2    Str: 35    XL:     15   Next: 36%
Magic:  21/21      EV:  4    Int: 30    God:    Cheibriados [******]
Gold:   1584       SH:  0    Dex: 33    Spells: 14/14 levels left

rFire   . .          .
                       - Unarmed
rCold   + . .        (shield currently unavailable)
rNeg    + . .        S - melded +0 acid dragon scales
rPois   .            k - +0 hat of Perfidy {rElec rC+ rN+ Dex+2}
rElec   +            h - +1 cloak
rCorr   .            (gloves unavailable)
SInv    +            (boots unavailable)
Will    ++...        p - amulet of Leaves {Regen+ Str+4 Int+3}
Stlth   +++          m - +5 ring of evasion
HPRegen 1.13/turn    x - +4 ring of slaying
MPRegen 0.17/turn

%: random rage (3%)
@: paralysed, flux-form, glowing, studying 2 skills, very slow
A: glow, contaminating, very small, no large weapons, unfitting armour, see
invisible, speed 3, berserk 1
a: Begin Untransformation, Renounce Religion, Bend Time, Temporal Distortion,
Slouch, Step From Time


You were on level 2 of the Orcish Mines.
You worshipped Cheibriados.
Cheibriados was exalted by your worship.
You were something dangerously unstable.
You visited 4 branches of the dungeon, and saw 19 of its levels.
You also visited: Gauntlet.

You collected 2400 gold pieces.
You spent 816 gold pieces at shops.

Inventory:

Missiles
 n - 38 poisoned darts (quivered)
 s - 24 javelins
 y - 2 atropa-tipped darts
 O - a throwing net
Armour
 f - the +0 cloak of Untruth {Stlth+}
   (You found it on level 4 of the Lair of Beasts)

   Stlth+:    It makes you more stealthy.
 h - a +1 cloak (worn)
 k - the +0 hat of Perfidy (worn) {rElec rC+ rN+ Dex+2}
   (You found it in a Gauntlet)

   Dex+2:     It affects your dexterity (+2).
   rC+:       It protects you from cold.
   rElec:     It insulates you from electricity.
   rN+:       It protects you from negative energy.
 E - a +2 robe of willpower
 R - a +2 hat
 S - +0 acid dragon scales (melded)
Jewellery
 b - a ring of ice
 m - a +5 ring of evasion (left hand)
 p - the amulet of Leaves (around neck) {Regen+ Str+4 Int+3}
   (You found it on level 10 of the Dungeon)

   [amulet of regeneration]

   Str+4:     It affects your strength (+4).
   Int+3:     It affects your intelligence (+3).
   Regen+:    It increases your rate of health regeneration.
 t - a ring of resist corrosion
 x - a +4 ring of slaying (right hand)
 A - a ring of protection from fire
 D - an amulet of reflection
 G - a ring of poison resistance
 P - a +6 ring of strength
Talismans
 c - a beast talisman
 d - a flux talisman (active)
Wands
 g - a wand of iceblast (6)
 r - a wand of flame (27)
 B - a wand of digging (6)
 F - a wand of mindburst (6)
 H - a wand of acid (5)
 I - a wand of paralysis (14)
 Q - a wand of polymorph (10)
Scrolls
 a - 2 scrolls of amnesia
 i - 3 scrolls of revelation
 l - 7 scrolls of immolation
 w - 6 scrolls of teleportation
 K - 3 scrolls of blinking
 T - a scroll of identify
 U - 2 scrolls of fear
Potions
 e - 5 potions of invisibility
 j - 2 potions of brilliance
 o - 3 potions of heal wounds
 z - 2 potions of attraction
 C - 3 potions of mutation
 J - a potion of ambrosia
 L - 4 potions of curing
 M - 5 potions of might
 N - a potion of magic
Miscellaneous
 v - a condenser vane (inert)
 V - a box of beasts


   Skills:
 * Level 11.1 Fighting
 + Level 9.4 Throwing
 + Level 11.5 Dodging
 + Level 13.0 Stealth
 * Level 11.6 Unarmed Combat
 + Level 6.9 Invocations
 + Level 10.7 Evocations
 + Level 11.4 Shapeshifting


You had 14 spell levels left.
You didn't know any spells.
Your spell library contained the following spells:

 Spells                   Type           Power      Damage    Failure   Level
 Slow                     Hex            0%         N/A       10%         1
 Sting                    Conj/Alch      0%         1d3       10%         1
 Blink                    Tloc           0%         N/A       14%         2
 Lesser Beckoning         Tloc           0%         N/A       14%         2
 Mercury Vapours          Alch/Air       0%         N/A       14%         2
 Momentum Strike          Conj/Tloc      0%         3d8       14%         2
 Confusing Touch          Hex            0%         N/A       28%         3
 Frozen Ramparts          Ice            0%         1d1       28%         3
 Fugue of the Fallen      Necr           0%         N/A       28%         3
 Ozocubu's Armour         Ice            0%         N/A       28%         3
 Sigil of Binding         Hex            0%         N/A       28%         3
 Tukima's Dance           Hex            0%         N/A       28%         3
 Vampiric Draining        Necr           0%         2d6       28%         3
 Volatile Blastmotes      Fire/Tloc      0%         2d10      28%         3
 Anguish                  Hex/Necr       0%         N/A       67%         4
 Cause Fear               Hex            0%         N/A       67%         4
 Fulminant Prism          Conj/Alch      0%         3d5       67%         4
 Iskenderun's Mystic Bla  Conj/Tloc      0%         2d3       67%         4
 Leda's Liquefaction      Alch/Erth      0%         N/A       67%         4
 Manifold Assault         Tloc           0%         N/A       67%         4
 Olgreb's Toxic Radiance  Alch           0%         N/A       67%         4
 Passage of Golubria      Tloc           0%         N/A       67%         4
 Petrify                  Alch/Erth      0%         N/A       67%         4
 Metabolic Englaciation   Hex/Ice        0%         N/A       95%         5
 Yara's Violent Unravell  Hex/Alch       0%         3d3       95%         5
 Enfeeble                 Hex            0%         N/A       100%        7


Dungeon Overview and Level Annotations

Branches:
Dungeon (11/15)            Temple (1/1) D:7            Lair (5/5) D:11
  Swamp (0/4) Lair:3       Spider (0/4) Lair:2        Slime (0/5) Lair:5
    Orc (2/2) D:10            Elf (0/3) Orc:2       Gauntlet (visited)

Altars:
Ashenzari
Cheibriados
Dithmenos
Elyvilon
Fedhas
Gozag
Hepliaklqana
Kikubaaqudgha
Makhleb
Nemelex Xobeh
Okawaru
Qazlal
Ru
Sif Muna
Trog
Uskayaw
Vehumet
Wu Jian
Xom
Yredelemnul
Zin
The Shining One
Beogh
Jiyva
Lugonu

Shops:
D:4 ![**(   D:6 *   D:7 (   Orc:2 =

Portals:
Abyss: Lair:5

Annotations:
Orc:2 Urug


Innate Abilities, Weirdness & Mutations

You are something dangerously unstable.
You glow with magical radiation, making you easy to see and hit.
Foes you strike become dangerously contaminated with magical radiation.
You are incapable of wielding weapons or throwing items.
You are very small and have problems with some larger weapons.
You are too small for most types of armour.
You have supernaturally acute eyesight. (SInv)
You cover ground extremely quickly. (Speed+++)
You sometimes lose your temper in combat.


Message History

You start resting.
HP restored.
You start waiting.
You feel yourself speed up.
You now have 1584 gold pieces (gained 20).
Items here: )))) [[[ †.
Items here: )) [[.
Items here: )))) [[[ †.
An ogre mage comes into view.
It is wielding a +0 club and wearing a +2 robe of willpower.
You recover from your berserk rage.
The ogre mage shouts!
You hear a shout!
The ogre mage casts a spell at you. You resist with almost no effort.
Things that are here:
a +0 hand axe; a +0 ring mail; an orc corpse The ogre mage casts a spell at something.
The ogre mage gestures wildly while chanting.
The ogre mage flickers and vanishes for a moment.
You hear a shout! x2
Items here: )))) [[[ †.
You start waiting.
An ogre mage is nearby!
The ogre mage casts a spell at you. The bolt of magma misses you.
An orc knight comes into view. It is wielding a +2 battleaxe.
An ogre comes into view. It is wielding a +0 giant spiked club.
You hit the ogre mage but do no damage.
The ogre mage begins to glow.
You hit the ogre mage.
The ogre mage glows dangerously bright.
The ogre mage is lightly wounded.
The orc knight completely misses you.
The ogre mage points at you and mumbles some strange words.
You suddenly lose the ability to move!
The orc knight hits you with a +2 battleaxe!!
The ogre mage hits you with a +0 club.
The orc knight hits you with a +2 battleaxe!
The ogre hits you with a +0 giant spiked club!!
* * * LOW HITPOINT WARNING * * *
The ogre mage hits you with a +0 club!
You die...
Cheibriados appreciates the motionlessness of death.

...ß....## .........# ...O.....
......# ....# #..## .......
#.).## #.....# ##o..# #.....#
#pO.## ### #ß...ß###
#.O..###.## ## #.....#.##
#.....#...# ###
#..#.....#..####.#..##..####.##
.........#..........<.....#...#
.......)##..........#......#.##
........).....................#
.........)[...............##.##
.........)<...........#...####


You could see an orc knight, an ogre mage (invisible, heavy contam) and an ogre
(fast).

Vanquished Creatures
  Rupert (Lair:4)
  2 orc warlords
  A minotaur (Gauntlet)
  2 hydras
  Erica (D:8)
  4 boulder beetles
  8 two-headed ogres
  The ghost of Essalna the Destroyer, a journeyman GrFE of Vehumet (Lair:2)
  A death scarab (Gauntlet)
  3 thrashing horrors (Lair:5)
  2 skysharks (Lair:5)
  A sea snake (Lair:3)
  2 spriggan druids (Lair:3)
  An orange crystal statue (Gauntlet)
  Pikel (D:8)
  3 orc knights (Orc:1)
  4 oklob plants
  5 orc sorcerers
  A spectral boulder beetle (Gauntlet)
  4 large abominations (Lair:5)
  A worldbinder (Gauntlet)
  8 elephants (Lair:3)
  Joseph (D:7)
  6 black mambas
  A torpor snail (Lair:5)
  2 smoke demons (Lair:5)
  3 unseen horrors
  11 cane toads
  A kobold demonologist (D:9)
  2 rime drakes
  15 komodo dragons
  Psyche (D:10)
  A queen bee (shapeshifter) (Lair:5)
  Prince Ribbit (D:5)
  2 polar bears
  2 hornets
  Grinder (D:4)
  5 trolls
  27 blink frogs
  A raiju (Lair:5)
  2 dream sheep (Lair:5)
  4 culicivoras (Lair:2)
  A slime creature (Lair:5)
  2 spriggans
  2 shadows
  3 wraiths (D:11)
  3 wyverns
  Eustachio (D:6)
  2 ynoxinuls (Lair:5)
  6 basilisks
  42 yaks
  A steam dragon (D:10)
  A chaos spawn (Lair:5)
  5 wargs (Orc:1)
  Menkaure (D:4)
  2 acid dragons (D:11)
  10 water moccasins
  A sky beast (D:8)
  3 ice beasts
  A swamp drake (shapeshifter) (Lair:5)
  26 orc warriors
  2 black bears
  8 small abominations (Lair:5)
  2 boggarts (Gauntlet)
  9 ogres
  11 wolves
  2 centaurs
  A phantom (D:4)
  A lemure (D:8)
  Blork the orc (D:7)
  A kobold brigand (D:7)
  16 bullfrogs
  5 scorpions
  2 gnoll sergeants
  8 wights
  2 bombardier beetles
  5 howler monkeys
  4 jellies
  15 orc priests
  A gnoll bouda (D:4)
  A hound (D:6)
  2 iguanas (D:5)
  4 sleepcaps
  20 orc wizards
  Ijyb (D:4)
  12 hell rats (Lair:5)
  11 gnolls
  5 adders
  2 ufetubi (D:6)
  6 dart slugs
  2 ribbon worms
  52 orcs
  7 ball pythons
  9 endoplasms
  A giant cockroach (D:1)
  8 goblins
  8 hobgoblins
  9 jackals
  19 kobolds
  3 quokkas (D:2)
  3 bats
  12 rats
  A butterfly (Lair:4)
553 creatures vanquished.

Vanquished Creatures (others)
  An orc (D:8)
1 creature vanquished.

Grand Total: 554 creatures vanquished

Notes
Turn   | Place    | Note
-------+----------+-------------------------------------------
     0 | D:1      | Majang the Spriggan Shapeshifter began the quest for the
                  | Orb.
     0 | D:1      | Reached XP level 1. HP: 9/9 MP: 2/2
   345 | D:1      | Reached XP level 2. HP: 11/14 MP: 3/3
   945 | D:2      | Reached XP level 3. HP: 17/17 MP: 4/4
  1519 | D:2      | Reached skill level 5 in Shapeshifting
  1908 | D:3      | Reached skill level 1 in Fighting
  1917 | D:3      | Noticed a scorpion
  1993 | D:3      | Reached XP level 4. HP: 22/22 MP: 5/5
  2005 | D:3      | Killed a scorpion
  2006 | D:3      | Reached skill level 1 in Stealth
  2018 | D:3      | Reached XP level 5. HP: 6/25 MP: 6/6
  2176 | D:3      | Reached skill level 1 in Throwing
  2185 | D:3      | Found a faded altar of an unknown god.
  2261 | D:3      | Found a bloodstained altar of Trog.
  2317 | D:3      | Found a sacrificial altar of Ru.
  2538 | D:3      | Reached skill level 2 in Stealth
  3031 | D:4      | Found Mevelyos's Antique Weapon Shoppe.
  3049 | D:4      | Found Xeojaeb's General Store.
  3053 | D:4      | Noticed Ijyb
  3070 | D:3      | Reached XP level 6. HP: 25/30 MP: 7/7
  3142 | D:4      | Killed Ijyb
  3186 | D:4      | Bought a potion of heal wounds for 55 gold pieces
  3186 | D:4      | Bought a scroll of revelation for 82 gold pieces
  3186 | D:4      | Bought a scroll of identify for 22 gold pieces
  3219 | D:4      | Noticed a water moccasin
  3338 | D:4      | Killed a water moccasin
  3347 | D:4      | Reached skill level 3 in Stealth
  3347 | D:4      | Reached skill level 1 in Evocations
  3391 | D:4      | Reached XP level 7. HP: 33/35 MP: 8/8
  3709 | D:4      | Found an opulent altar of Gozag.
  3727 | D:4      | Noticed Menkaure
  3729 | D:4      | Found a hide-covered altar of Uskayaw.
  3735 | D:4      | Killed Menkaure
  4182 | D:4      | Found Yrowudam's Assorted Antiques.
  4190 | D:4      | Bought a scroll labelled XAWYSEOHYPS for 22 gold pieces
  4193 | D:4      | Found Qicvigoss's Antique Armour Shoppe.
  4252 | D:4      | Reached skill level 4 in Stealth
  4289 | D:4      | Found Giekumaac's Distillery.
  4292 | D:4      | Bought a potion of curing for 36 gold pieces
  4299 | D:4      | Noticed Grinder
  4336 | D:4      | Killed Grinder
  4337 | D:4      | Reached XP level 8. HP: 33/40 MP: 9/9
  4431 | D:5      | Entered Level 5 of the Dungeon
  4495 | D:5      | Reached skill level 5 in Dodging
  4545 | D:5      | Reached skill level 5 in Unarmed Combat
  4701 | D:5      | Found a basalt altar of Yredelemnul.
  4703 | D:5      | Noticed a profane servitor
  4717 | D:5      | Found a glowing golden altar of the Shining One.
  4719 | D:5      | Noticed an angel
  4799 | D:5      | Noticed Prince Ribbit
  4813 | D:5      | Killed Prince Ribbit
  4814 | D:5      | Reached skill level 5 in Stealth
  5316 | D:5      | Reached XP level 9. HP: 44/46 MP: 10/10
  5688 | D:6      | Noticed Eustachio
  5711 | D:6      | Killed Eustachio
  5766 | D:6      | Found Iryloust's Fire Supplies.
  5946 | D:6      | Reached skill level 6 in Stealth
  6271 | D:6      | Found a broken altar of Ashenzari.
  6874 | D:6      | Upgraded the game from 0.32-a0-543-gefe97123c3 to
                  | 0.32-a0-572-g3e1049bc92
  7087 | D:7      | Found Ejitzem's Antique Weapon Boutique.
  7095 | D:7      | Noticed Joseph
  7335 | D:7      | Reached skill level 5 in Fighting
  7456 | D:7      | Found a staircase to the Ecumenical Temple.
  7495 | Temple   | Entered the Ecumenical Temple
  7515 | Temple   | Became a worshipper of Cheibriados the Contemplative
  7757 | D:7      | Reached skill level 5 in Evocations
  8028 | D:7      | Noticed Blork the orc
  8056 | D:7      | Killed Joseph
  8057 | D:7      | Reached skill level 7 in Stealth
  8064 | D:7      | Killed Blork the orc
  8500 | D:7      | Reached XP level 10. HP: 38/51 MP: 11/11
  8556 | D:8      | Noticed Erica
  8859 | D:8      | Killed Erica
  8919 | D:8      | Reached * piety under Cheibriados
  9069 | D:8      | Found a glowing silver altar of Zin.
  9088 | D:8      | Noticed Pikel
  9108 | D:8      | Killed Pikel
  9345 | D:8      | Reached skill level 5 in Throwing
  9621 | D:8      | Reached skill level 1 in Invocations
  9667 | D:8      | Gained mutation: You sometimes lose your temper in combat.
                  | [potion of mutation]
 10008 | D:9      | Noticed a sun demon
 10011 | D:9      | Noticed an orange demon
 10463 | D:9      | Noticed a two-headed ogre
 10472 | D:9      | Killed a two-headed ogre
 10473 | D:9      | Reached skill level 8 in Stealth
 10590 | D:9      | Found a sparkling altar of Nemelex Xobeh.
 10631 | D:9      | Reached ** piety under Cheibriados
 10822 | D:4      | Bought a potion of curing for 36 gold pieces
 10822 | D:4      | Bought a potion of curing for 36 gold pieces
 10822 | D:4      | Bought a potion of might for 48 gold pieces
 11025 | D:9      | Reached XP level 11. HP: 58/58 MP: 13/13
 11326 | D:10     | Entered Level 10 of the Dungeon
 11398 | D:10     | Identified a scroll of acquirement
 11398 | D:10     | Acquired 679 gold pieces
 11572 | D:4      | Bought a potion of might for 88 gold pieces
 11622 | D:4      | Bought an amulet of reflection for 330 gold pieces
 11622 | D:4      | Bought a wand of flame (8) for 61 gold pieces
 11928 | D:10     | Noticed Psyche
 11937 | D:10     | Killed Psyche
 11977 | D:10     | Noticed a two-headed ogre
 11991 | D:10     | Killed a two-headed ogre
 12080 | D:10     | Found a staircase to the Orcish Mines.
 12175 | D:10     | Noticed a two-headed ogre
 12181 | D:10     | Killed a two-headed ogre
 12352 | D:10     | Identified the amulet of Leaves {Regen+ Str+4 Int+3}
 12463 | D:10     | Noticed a two-headed ogre
 12475 | D:10     | Killed a two-headed ogre
 12476 | D:10     | Reached skill level 9 in Stealth
 12553 | D:11     | Noticed a two-headed ogre
 12561 | D:11     | Killed a two-headed ogre
 12873 | D:11     | Reached *** piety under Cheibriados
 13216 | D:11     | Found a staircase to the Lair.
 13216 | D:11     | Noticed an oklob plant
 13224 | D:11     | Noticed an oklob plant
 13245 | D:11     | Noticed a boulder beetle
 13261 | D:11     | Killed a boulder beetle
 13779 | D:11     | Killed an oklob plant
 13789 | D:11     | Killed an oklob plant
 13803 | Lair:1   | Entered Level 1 of the Lair of Beasts
 13866 | D:11     | Reached XP level 12. HP: 22/63 MP: 15/15
 14074 | Lair:1   | Reached **** piety under Cheibriados
 14145 | Lair:1   | Reached skill level 10 in Stealth
 14845 | Lair:2   | Found a runed translucent door.
 14968 | Lair:2   | Reached XP level 13. HP: 70/70 MP: 17/17
 15146 | Lair:2   | Reached ***** piety under Cheibriados
 15190 | Lair:2   | Reached skill level 10 in Unarmed Combat
 15439 | Lair:2   | Found a hole to the Spider Nest.
 15491 | Lair:2   | Noticed Essalna's ghost (journeyman GrFE)
 15709 | Lair:2   | Killed Essalna's ghost
 15995 | Lair:3   | Noticed Nergalle
 16003 | Lair:3   | Nergalle changed into Nergalle the sea snake
 16003 | Lair:3   | Noticed Nergalle
 16018 | Lair:3   | Killed Nergalle the sea snake
 16019 | Lair:3   | Reached skill level 5 in Invocations
 16128 | Lair:3   | Reached skill level 11 in Stealth
 16128 | Lair:3   | Reached skill level 10 in Shapeshifting
 16165 | Lair:3   | Found a staircase to the Swamp.
 16418 | Lair:3   | Reached skill level 10 in Dodging
 16418 | Lair:3   | Reached XP level 14. HP: 73/76 MP: 18/18
 16854 | Lair:4   | Reached skill level 10 in Fighting
 17211 | Lair:4   | Identified the +0 cloak of Untruth {Stlth+}
 17381 | Lair:4   | Noticed Rupert
 17395 | Lair:4   | Killed Rupert
 17700 | Lair:5   | Entered Level 5 of the Lair of Beasts
 17704 | Lair:5   | Reached ****** piety under Cheibriados
 17786 | Lair:5   | Found a gate leading to a gauntlet.
 17799 | Gauntlet | Entered a Gauntlet
 17799 | Gauntlet | Found a transporter.
 17799 | Gauntlet | Found a transporter.
 17799 | Gauntlet | Found a transporter.
 17809 | Gauntlet | Found a transporter.
 17812 | Gauntlet | Found a transporter.
 17824 | Gauntlet | Found a transporter.
 17827 | Gauntlet | Found a transporter.
 17839 | Gauntlet | Found a transporter.
 17857 | Gauntlet | Found a transporter.
 17864 | Gauntlet | Found a transporter.
 17865 | Gauntlet | Found a transporter.
 17879 | Gauntlet | Found a transporter.
 18032 | Gauntlet | Identified the +0 hat of Perfidy {rElec rC+ rN+ Dex+2}
 18242 | Gauntlet | Identified the +7 plate armour "Jyifie" {rF+ Slay+3}
 18653 | Lair:5   | Reached skill level 12 in Stealth
 18766 | Lair:5   | Found a viscous altar of Jiyva.
 18827 | Lair:5   | Reached skill level 10 in Evocations
 18997 | Lair:5   | Found a staircase to the Slime Pits.
 19657 | Lair:5   | Reached XP level 15. HP: 81/81 MP: 16/20
 19750 | Lair:5   | Found a corrupted altar of Lugonu.
 19750 | Lair:5   | Found a one-way gate to the infinite horrors of the Abyss.
 20032 | Orc:1    | Entered Level 1 of the Orcish Mines
 20332 | Orc:1    | Found a burning altar of Makhleb.
 20467 | Orc:1    | Found a roughly hewn altar of Beogh.
 20609 | Orc:2    | Entered Level 2 of the Orcish Mines
 20609 | Orc:2    | Found a staircase to the Elven Halls.
 21197 | Orc:2    | Found Ewep's Jewellery Shoppe.
 21307 | Orc:2    | Noticed Urug
 21476 | Orc:2    | Reached skill level 13 in Stealth
 21536 | Orc:2    | Paralysed by an ogre mage for 4 turns
 21539 | Orc:2    | Mangled by an ogre mage

Illustrated notes

Levels and vault maps discovered:
D:1:      dpeg_arrival_triangle_fractal, layout_basic, minmay_tree_intersection,
          reono_crystal_passage, minmay_pentomino_w2
D:2:      layout_loops_ring, serial_aquarium, aquarium_bridge_long_separate
          [aquarium_subvault_bridge, aquarium_subvault_bridge,
          aquarium_subvault_window, aquarium_subvault_bridge,
          aquarium_subvault_window, aquarium_subvault_bridge],
          aquarium_bridge_square [aquarium_subvault_wall,
          aquarium_subvault_window, aquarium_subvault_bridge,
          aquarium_subvault_wall], aquarium_window_fake, aquarium_window_double,
          aquarium_view_2c, aquarium_view_4, aquarium_pool_double
D:3:      layout_basic, old_standard_altar, lemuel_round_altar,
          basic_ecumenical_altar, chequers_serial_rivers_micro_b,
          hellmonk_no_cap
D:4:      cheibrodos_barr_body, layout_basic, lemuel_doored_altar,
          nicolae_gozag_cash_rules_everything_around_me, serial_shops,
          nicolae_stop_n_shop_1, shop, kennysheep_mini, shop,
          nicolae_shop_peninsula, uniq_menkaure, uniq_ijyb, uniq_grinder
D:5:      layout_loops_ring, grunt_temple_overflow_holy_war, uniq_prince_ribbit1
D:6:      layout_basic, kennysheep_mini_moat, corexii_corridor_pit,
          nicolae_shop_fire_sale [nicolae_sub_dead_trees],
          serial_library_hellmonk_angled_corner, uniq_eustachio
D:7:      layout_loops_ring, minmay_temple_entry_slanted, serial_shops, shop,
          st_stairs_14, sword_in_stone, uniq_joseph
D:8:      layout_gridville, zin_scriptorium, uniq_erica, uniq_pikel
D:9:      layout_loops_ring, nemelex_diamond_rough_becter, the_hattery
D:10:     minmay_weird_star, layout_irregular_city, orc_0_dummy, uniq_psyche
D:11:     layout_grid_maze, dpeg_oklobed_lair
Temple:   dshaligram_water_room_temple
Lair:1:   layout_long_grid, st_stairs_5, minivault_23,
          chequers_serial_rivers_room_b, minivault_27, beast_lair_carwin_3
Lair:2:   layout_regular_city, hellmonk_spider_entry_life_and_decay,
          ebering_ghost_reflecting_pool
Lair:3:   layout_roguey, mainiacjoe_swamp_entry_angry_trees, uniq_nergalle
Lair:4:   layout_roguey, serial_bayou_shore_a, lemuel_fruit_fields,
          grunt_megastairs_3, uniq_rupert
Lair:5:   hellmonk_lair_end_abyssal_woods, layout_concentric_octagons,
          minmay_slime_entry_pillars, gauntlet_entry_generic
Orc:1:    layout_caves, regret_index_minedec_devilstone
Orc:2:    grunt_orc_cross, layout_caves, serial_shops,
          nicolae_shop_just_a_little_nook, uniq_urug

Skill      XL: |  1  2  3  4  5  6  7  8  9 10 11 12 13 14 15 |
---------------+----------------------------------------------+-----
Unarmed Combat | 3 4 5 6 7 8 9 10 11 | 11.6
Shapeshifting  | 5 6 7 8 9 10 11 | 11.4
Fighting       | 1 2 3 4 5 6 7 9 10 11 | 11.1
Dodging        | 3 4 5 6 7 8 9 10 11 | 11.5
Stealth        | 1 2 3 4 5 7 8 9 10 11 12 13 | 13.0
Throwing       | 1 2 3 4 5 6 7 8 9 |  9.4
Evocations     | 1 2 3 5 6 7 8 9 10 | 10.7
Invocations    | 2 3 4 5 6 |  6.9

Action                     |  1- 3 |  4- 6 |  7- 9 | 10-12 | 13-15 || total
---------------------------+-------+-------+-------+-------+-------++-------
  Melee: Unarmed           |   118 |   133 |   417 |   594 |  1047 ||  2309
         Punch             |     4 |     5 |     6 |     1 |     3 ||    19
  Throw: Dart              |     3 |    14 |     5 |       |       ||    22
 Invoke: Slouch            |       |       |       |       |     4 ||     4
         Bend Time         |       |       |       |       |     1 ||     1
  Evoke: Wand              |       |       |       |     9 |    10 ||    19
         Condenser vane    |       |       |       |       |     1 ||     1
    Use: Potion            |       |     2 |     3 |     6 |     5 ||    16
         Scroll            |       |     9 |     5 |    11 |     3 ||    28
   Stab: Sleeping          |     2 |     1 |     4 |     4 |     4 ||    15
         Invisible         |       |       |       |     8 |       ||     8
         Paralysed         |       |       |       |     3 |       ||     3
         Distracted        |       |       |       |       |     2 ||     2
 Armour: Animal skin       |    28 |       |       |       |       ||    28
         Skin              |       |    11 |    44 |    87 |   158 ||   300
         Robe              |       |    25 |    33 |       |       ||    58
         Acid dragon scale |       |       |       |     2 |     4 ||     6
  Dodge: Dodged            |    70 |   104 |   370 |   529 |  1102 ||  2175
  Block: Other             |       |       |       |     8 |       ||     8
   Form: Flux              |       |       |     1 |     2 |     2 ||     5
         Beast             |       |       |       |     1 |     2 ||     3
                           |       |       |       |     1 |       ||     1

Table legend: (Time is in decaauts)
 A = Elapsed time spent in this place.
 B = Non-inter-level travel time spent in this place.
 C = Inter-level travel time spent in this place.
 D = Time resting spent in this place.
 E = Time spent auto-exploring this place.
 F = Levels seen in this place.
 G = Mean time per level.
                   A        B        C        D        E       F      G
               +--------+--------+--------+--------+--------+-----+--------+
         Total |  22249 |  19979 |   2270 |   4913 |   1408 |  20 | 1112.4 |
       Dungeon |  12213 |  10645 |   1568 |   3299 |    848 |  11 | 1110.3 |
        Temple |     30 |     30 |      0 |      0 |      0 |   1 |   30.0 |
          Lair |   7279 |   6578 |    701 |    974 |    523 |   5 | 1455.8 |
  Orcish Mines |   1930 |   1930 |      0 |    504 |     36 |   2 |  965.0 |
      Gauntlet |    796 |    796 |      0 |    135 |      0 |   1 |  796.0 |
               +--------+--------+--------+--------+--------+-----+--------+

Top non-repeatable levels by time:
  Lair:5: 2107 daAuts
     D:7: 1631 daAuts
    D:11: 1548 daAuts
  Lair:3: 1450 daAuts
  Lair:4: 1269 daAuts
     D:8: 1264 daAuts
     D:9: 1254 daAuts
  Lair:1: 1253 daAuts
   Orc:1: 1250 daAuts
  Lair:2: 1199 daAuts
     D:4: 1183 daAuts
     D:6: 1125 daAuts
    D:10: 1100 daAuts
     D:5: 952 daAuts
Gauntlet: 796 daAuts
